 Dungeon Crawl Stone Soup version 0.21.1-1-g345015fe64 (webtiles) character file.

220 Kejsarherre the Cudgeler (level 5, 0/44 HPs)
             Began as a Demonspawn Gladiator on May 10, 2018.
             Killed from afar by an orc wizard (7 damage)
             ... with a puff of flame
             ... on level 4 of the Dungeon.
             The game lasted 00:03:30 (2641 turns).

Kejsarherre the Cudgeler (Demonspawn Gladiator)     Turns: 2641, Time: 00:03:31

Health: 0/44       AC:  5    Str: 15    XL:     5   Next: 64%
Magic:  0/5        EV: 12    Int: 10    God:
Gold:   111        SH:  0    Dex: 14    Spells: 4/4 levels left

rFire    . . .     SeeInvis .   a - +0 flail
rCold    . . .     Gourm    .   (no shield)
rNeg     . . .     Faith    .   b - +0 leather armour
rPois    .         Spirit   +   c - +0 helmet
rElec    .         Reflect  .   (no cloak)
rCorr    .         Harm     .   (no gloves)
MR       .....                  (no boots)
Stlth    +.........             (no amulet)
HPRegen  0.14/turn              (no ring)
MPRegen  0.09/turn              (no ring)

@: no status effects
A: rugged brown scales 1, magic shield, rot immunity
a: no special abilities


You were on level 4 of the Dungeon.
You were hungry.

You visited 1 branch of the dungeon, and saw 4 of its levels.

You collected 111 gold pieces.

Inventory:

Hand Weapons
 a - a +0 flail (weapon)
Missiles
 d - 3 throwing nets (quivered)
Armour
 b - a +0 leather armour (worn)
 c - a +0 helmet (worn)
Scrolls
 e - a scroll of remove curse
 j - 2 scrolls of noise {unknown}
 k - a scroll of magic mapping {unknown}
 l - a scroll of amnesia {unknown}
Potions
 g - 2 potions of flight
 h - a potion of curing
 m - a potion of heal wounds
Comestibles
 f - 2 rations


   Skills:
 + Level 4.4 Fighting
 + Level 4.5 Maces & Flails
 - Level 1.7 Throwing
 - Level 2.6 Dodging


You had 4 spell levels left.
You didn't know any spells.

Dungeon Overview and Level Annotations

Branches:
Dungeon (4/15)
 Temple: D:4-7

Altars:


Innate Abilities, Weirdness & Mutations

You are partially covered in rugged brown scales. (AC +1, +3% HP)
When hurt, damage is shared between your health and your magic reserves.
You are immune to rotting.


Message History

The orc wizard points at you and mumbles some strange words.
The puff of flame hits you!
You hear some strange, mumbled words.
A magic dart appears from out of thin air!
The magic dart hits you!
The orc wizard points at you and mumbles some strange words.
The puff of frost hits you!
* * * LOW HITPOINT WARNING * * *
The orc barely misses you.
You hear some strange, mumbled words.
A puff of flame appears from out of thin air!
The puff of flame hits you!
* * * LOW HITPOINT WARNING * * *
The orc wizard gestures wildly while chanting.
The orc wizard blinks!
There is a stone staircase leading up here.
Unknown command.
The orc wizard gestures at you while chanting.
The puff of flame hits you!
You die...

#..##............##
#...............##
##......o.......#
##..............#
##........o......##
####..§#######..o....##
....o.## ###o.....#
.o....# #§o###...#
......# ##@.# ###.#
.....## #o.## # .o...#
#..# .....# #..##
##..... .... #.....
..... ....... #####..
...


You could see 2 orc wizards and 2 orcs.

Vanquished Creatures
  An orc wizard (D:3)
  Terence (D:2)
  A worker ant (D:4)
  Robin (D:2)
  3 gnolls
  3 adders (D:2)
  An ooze (D:2)
  3 worms (D:2)
  5 orcs (D:3)
  2 giant cockroaches
  12 goblins (D:2)
  6 hobgoblins
  4 jackals
  2 quokkas
  6 bats
  A frilled lizard (D:2)
  3 kobolds (D:2)
  4 rats (D:2)
59 creatures vanquished.

Notes
Turn   | Place    | Note
-------+----------+-------------------------------------------
     0 | D:1      | Kejsarherre the Demonspawn Gladiator began the quest for the Orb.
     0 | D:1      | Reached XP level 1. HP: 16/16 MP: 1/1
   285 | D:2      | Gained mutation: When hurt, damage is shared between your health and your magic reserves. [demonic ancestry]
   285 | D:2      | Reached XP level 2. HP: 9/23 MP: 2/2
   365 | D:2      | Noticed Terence
   382 | D:2      | Killed Terence
   382 | D:2      | Gained mutation: You are immune to rotting. [demonic ancestry]
   382 | D:2      | Reached XP level 3. HP: 13/29 MP: 3/3
   684 | D:2      | Noticed Robin
   972 | D:2      | Reached XP level 4. HP: 29/35 MP: 4/4
  1912 | D:2      | Gained mutation: You are partially covered in rugged brown scales. (AC +1, +3% HP) [demonic ancestry]
  1912 | D:2      | Reached XP level 5. HP: 26/43 MP: 3/5
  1926 | D:2      | Killed Robin
  2641 | D:4      | Killed from afar by an orc wizard

Skill      XL: |  1  2  3  4  5 |
---------------+----------------+-----
Maces & Flails | 3 4 |  4.5
Fighting       | 3 4 |  4.4
Throwing       | |  1.7
Dodging        | |  2.6

Action                   |  1- 3 |  4- 6 || total
-------------------------+-------+-------++-------
Melee: Flail             |    93 |   145 ||   238
Throw: Throwing net      |       |     5 ||     5
  Use: Scroll            |       |     4 ||     4
 Stab: Held in net/web   |       |     1 ||     1
  Eat: Chunk             |       |     5 ||     5
Armor: Leather armour    |    30 |    48 ||    78
Dodge: Dodged            |    57 |   121 ||   178
